[Event "ICC tourney 2569 (40 10)"]
[Site "Internet Chess Club"]
[Date "2021.05.16"]
[Round "2"]
[White "CHENG, CLAIRE:Clairehouses"]
[Black "YANG, KAIQI:YKQ"]
[Result "0-1"]
[ICCResult "White checkmated"]
[WhiteElo "1777"]
[BlackElo "2531"]
[Opening "QGD: Cambridge Springs defense, Bogolyubov variation"]
[ECO "D52"]
[NIC "QO.15"]
[Time "13:18:07"]
[TimeControl "2400+10"]

1. d4 d5 2. c4 e6 3. Nf3 c6 4. Nc3 Nf6 5. Bg5 Nbd7 6. e3 Qa5 7. Nd2 Bb4 8.
Qc2 O-O 9. Be2 e5 10. O-O exd4 11. exd4 dxc4 12. Bxf6 Nxf6 13. Nxc4 Qg5 14.
Rad1 Re8 15. Bf3 Be6 16. Ne4 Qf4 17. Nxf6+ gxf6 18. a3 Bxc4 19. Qxc4 Bd6 20.
g3 Qxf3 21. d5 Re4 22. Qd3 Qxd3 23. Rxd3 c5 24. f4 Rae8 25. Rd2 c4 26. Kh1
b5 27. Rff2 a5 28. Rf1 b4 29. axb4 axb4 30. Rc2 b3 31. Rd2 Re2 32. Rfd1 c3
33. bxc3 b2 34. Rxe2 Rxe2 35. Rb1 Rc2 36. f5 Rc1+ 37. Rxc1 bxc1=Q+ 38. Kg2
Qc2+ 39. Kf3 Qd3+ 40. Kf2 Bc5+ 41. Ke1 Be3 42. d6 Qd2+ 43. Kf1 Qf2#
{White checkmated}
0-1

[Event "ICC tourney 2569 (40 10)"]
[Site "Internet Chess Club"]
[Date "2021.05.16"]
[Round "2"]
[White "Santiago Gonzalez, Frida:fridanavys1"]
[Black "HU, MERRIC:edmehu"]
[Result "0-1"]
[ICCResult "White resigns"]
[WhiteElo "1900"]
[BlackElo "2169"]
[Opening "Réti: King's Indian attack"]
[ECO "A05"]
[NIC "QP.11"]
[Time "13:17:08"]
[TimeControl "2400+10"]

1. Nf3 Nf6 2. g3 g6 3. Bg2 Bg7 4. O-O O-O 5. d3 d6 6. e4 c5 7. Re1 Nc6 8. c3
Bg4 9. h3 Bxf3 10. Bxf3 e5 11. Bg2 b5 12. Nd2 Rb8 13. a4 b4 14. c4 Re8 15.
b3 Nd7 16. Nf1 Nd4 17. Bb2 h5 18. Ne3 Nf6 19. Bxd4 cxd4 20. Nd5 Nxd5 21.
exd5 a5 22. f4 exf4 23. gxf4 Qh4 24. Rf1 Re3 25. f5 Rbe8 26. fxg6 fxg6 27.
Qd2 Qg3 28. Qf2 Qxf2+ 29. Rxf2 Rxd3 30. Rb1 Rc3 31. Bf1 Ree3 32. c5 Rxc5 33.
h4 Rcc3 34. Bc4 Re4 35. Rbf1 Rxh4 36. Rf7 Rg4+ {White resigns} 0-1

[Event "ICC tourney 2569 (40 10)"]
[Site "Internet Chess Club"]
[Date "2021.05.16"]
[Round "2"]
[White "YE, LUKE SICONG:lukeye"]
[Black "MARKOVIC, GORAN:Goran21"]
[Result "0-1"]
[ICCResult "White resigns"]
[WhiteElo "2075"]
[BlackElo "1995"]
[Opening "Sicilian: Najdorf"]
[ECO "B90"]
[NIC "SI.14"]
[Time "13:18:13"]
[TimeControl "2400+10"]

1. e4 c5 2. Nf3 d6 3. d4 cxd4 4. Nxd4 Nf6 5. Nc3 a6 6. a4 e5 7. Nf3 Be7 8.
Bg5 Be6 9. Bxf6 Bxf6 10. Nd5 Nd7 11. Bc4 O-O 12. O-O Rc8 13. Ba2 Kh8 14. c3
Bg5 15. Nxg5 Qxg5 16. Ne3 Bxa2 17. Rxa2 Nf6 18. h4 Qf4 19. g3 Qxe4 20. Qxd6
Rfd8 21. Qb6 Qf3 22. Nc4 Rd1 23. Nd6 Rxf1+ 24. Kxf1 Qd1+ 25. Kg2 Qd5+ 26.
Kg1 Rc6 27. Qd8+ Ng8 28. Nxb7 Qxa2 29. Qd7 Qe6 30. Qxe6 Rxe6 31. Nd8 Re7 32.
c4 Nf6 33. c5 Rc7 34. b4 Kg8 35. c6 Rc8 36. b5 axb5 37. axb5 Rxd8 38. c7 Rc8
39. b6 Nd7 {White resigns} 0-1

[Event "ICC tourney 2569 (40 10)"]
[Site "Internet Chess Club"]
[Date "2021.05.16"]
[Round "2"]
[White "LIANG, ETHAN Y:ELCCEthan488"]
[Black "CHAVES SANCHEZ, GABRIEL A:Gagri"]
[Result "1/2-1/2"]
[ICCResult "Game drawn by mutual agreement"]
[WhiteElo "1779"]
[BlackElo "2306"]
[Opening "Nimzo-Indian: classical, 4...c5"]
[ECO "E38"]
[NIC "NI.22"]
[Time "13:18:02"]
[TimeControl "2400+10"]

1. d4 Nf6 2. c4 e6 3. Nc3 Bb4 4. Qc2 c5 5. a3 Bxc3+ 6. bxc3 b6 7. e4 d6 8.
Bg5 h6 9. Bh4 e5 10. Rd1 Qe7 11. f3 Nc6 12. Ne2 O-O 13. Bf2 Na5 14. Ng3 Ba6
15. Nf5 Qc7 16. Bh4 Ne8 17. Be7 Bxc4 18. Bxc4 Nxc4 19. Bxf8 Kxf8 20. Qc1 b5
{Game drawn by mutual agreement}
1/2-1/2

[Event "ICC tourney 2569 (40 10)"]
[Site "Internet Chess Club"]
[Date "2021.05.16"]
[Round "2"]
[White "LEE, ALICE TERESA:binomialfactor"]
[Black "REMPE, MIEKE:MChessy"]
[Result "1-0"]
[ICCResult "Black checkmated"]
[WhiteElo "2173"]
[BlackElo "1900"]
[Opening "QGD: Ragozin variation"]
[ECO "D38"]
[NIC "NI.27"]
[Time "13:17:53"]
[TimeControl "2400+10"]

1. d4 Nf6 2. c4 e6 3. Nf3 d5 4. Nc3 Bb4 5. cxd5 exd5 6. Bg5 O-O 7. e3 Qd6 8.
Bd3 Bg4 9. h3 Bh5 10. Qc2 Re8 11. Ne5 Nc6 12. Bf4 Qe6 13. Bf5 Bxc3+ 14. bxc3
Qe7 15. Nxc6 bxc6 16. O-O Bg6 17. Bxg6 hxg6 18. Be5 Kh7 19. c4 Rh8 20. cxd5
cxd5 21. Qxc7 Qe6 22. Rfc1 Ne4 23. f3 Ng5 24. h4 Nxf3+ 25. gxf3 Qh3 26. Qxf7
Rhg8 27. Rc6 Qxh4 28. Qxg6+ Kh8 29. Qh6+ Qxh6 30. Rxh6# {Black checkmated}
1-0

[Event "ICC tourney 2569 (40 10)"]
[Site "Internet Chess Club"]
[Date "2021.05.16"]
[Round "2"]
[White "Poliannikov, Danila:dopolian"]
[Black "BELOUS, VLADIMIR:Openyagami"]
[Result "0-1"]
[ICCResult "White resigns"]
[WhiteElo "2263"]
[BlackElo "2602"]
[Opening "Sicilian: Labourdonnais-Löwenthal (Kalashnikov) variation"]
[ECO "B32"]
[NIC "SI.32"]
[Time "13:16:56"]
[TimeControl "2400+10"]

1. e4 c5 2. Nf3 Nc6 3. d4 cxd4 4. Nxd4 e5 5. Nb5 d6 6. c4 g6 7. Be3 Be6 8.
Bd3 a6 9. N5c3 Bh6 10. Qd2 Bxe3 11. Qxe3 Nf6 12. O-O O-O 13. Nd5 Nd4 14.
Nbc3 Rc8 15. Rfc1 Bxd5 16. exd5 Ng4 17. Qd2 f5 18. b4 e4 19. Bf1 Qf6 20. Rd1
Qe5 21. f4 exf3 22. g3 f2+ 23. Kg2 Nc2 {White resigns} 0-1

[Event "ICC tourney 2569 (40 10)"]
[Site "Internet Chess Club"]
[Date "2021.05.16"]
[Round "2"]
[White "MAZUMDAR, SHAURYA:raremystery"]
[Black "KUMAR, SRIRAM K:sirking2800"]
[Result "0-1"]
[ICCResult "White checkmated"]
[WhiteElo "1695"]
[BlackElo "1893"]
[Opening "Giuoco Pianissimo"]
[ECO "C55"]
[NIC "IG.01"]
[Time "13:18:13"]
[TimeControl "2400+10"]

1. e4 e5 2. Nf3 Nc6 3. Bc4 Nf6 4. d3 Bc5 5. Kf1 Ng4 6. d4 exd4 7. h3 Nge5 8.
Nxe5 Nxe5 9. Qh5 d6 10. Bg5 Qd7 11. Be2 h6 12. Bd2 Qe7 13. a4 g6 14. Bg5
Qxg5 15. Qxg5 hxg5 16. Nd2 g4 17. h4 Be6 18. Rb1 Bb4 19. Nb3 Bxb3 20. cxb3
d3 21. Bd1 g5 22. h5 O-O-O 23. f3 gxf3 24. gxf3 Rh7 25. a5 Rdh8 26. f4 gxf4
27. Ra1 f3 28. Ra4 c5 29. Kf2 Rxh5 30. Rxh5 Rxh5 31. Bxf3 Nxf3 32. Kxf3 Rh1
33. Kg2 Rb1 34. a6 d2 35. Rxb4 cxb4 36. e5 d1=Q 37. exd6 Qf1+ 38. Kh2 Rxb2+
39. Kg3 Rg2+ 40. Kh3 Qh1# {White checkmated} 0-1

[Event "ICC tourney 2569 (40 10)"]
[Site "Internet Chess Club"]
[Date "2021.05.16"]
[Round "2"]
[White "GAW, CHLOE:HarleyQueen8"]
[Black "DIAZ CHARPENTIER, KRISTEL MELISSA:kris0428"]
[Result "1-0"]
[ICCResult "Black checkmated"]
[WhiteElo "1928"]
[BlackElo "2100"]
[Opening "Nimzo-Indian: classical variation"]
[ECO "E32"]
[NIC "NI.20"]
[Time "13:17:34"]
[TimeControl "2400+10"]

1. d4 Nf6 2. c4 e6 3. Nc3 Bb4 4. Qc2 O-O 5. a3 Bxc3+ 6. Qxc3 b6 7. Bg5 h6 8.
Bh4 Bb7 9. f3 d5 10. e3 Nbd7 11. cxd5 exd5 12. Bd3 Re8 13. Qd2 c5 14. Ne2
Rc8 15. O-O Qe7 16. Bf2 a6 17. Ng3 Nb8 18. Nf5 Qd7 19. Bg3 Re6 20. Bh4 Nc6
21. Qf2 Kh8 22. Qg3 Rg8 23. Qh3 Ne7 24. Nxh6 gxh6 25. Bxf6+ Rxf6 26. Qxd7
Ng6 27. Qxb7 Nh4 28. Rf2 Re6 29. Qxf7 Rge8 30. Qh7# {Black checkmated} 1-0

[Event "ICC tourney 2569 (40 10)"]
[Site "Internet Chess Club"]
[Date "2021.05.16"]
[Round "2"]
[White "VAKHIDOV, JAKHONGIR:TjkTiger"]
[Black "LESCHINSKY, GARY:GLeschinsky"]
[Result "1-0"]
[ICCResult "Black resigns"]
[WhiteElo "2602"]
[BlackElo "2097"]
[Opening "English, Kramnik-Shirov counterattack"]
[ECO "A21"]
[NIC "EO.23"]
[Time "13:18:13"]
[TimeControl "2400+10"]

1. c4 e5 2. Nc3 Bb4 3. Nd5 Bc5 4. e3 Nf6 5. b4 Bf8 6. Bb2 c6 7. Nxf6+ Qxf6
8. f4 d6 9. Nf3 Nd7 10. Bd3 Qe7 11. Qc2 g6 12. c5 dxc5 13. Nxe5 Nxe5 14.
fxe5 cxb4 15. e6 f6 16. Bxg6+ Kd8 17. O-O Bg7 18. Qd3+ Kc7 19. Be5+ fxe5 20.
Rf7 Qxf7 21. Bxf7 e4 22. Qf1 Bxa1 23. Qxa1 Bxe6 24. Qe5+ Kb6 25. Qd4+ Kc7
26. Bxe6 Rhd8 27. Qxb4 a5 28. Qe7+ Kb6 29. Bd7 Kc7 30. Bg4+ Kb6 31. Qxe4
Rxd2 32. Qxh7 Re8 33. h4 Ka6 34. Be2+ b5 35. Qg6 Rc8 36. Bxb5+ Kb6 37. h5
Rd1+ 38. Kh2 Rd5 39. Be2 Rf8 40. Bf3 Rc5 41. h6 Rff5 42. h7 Rg5 43. Qxg5
{Black resigns}
1-0

[Event "ICC tourney 2569 (40 10)"]
[Site "Internet Chess Club"]
[Date "2021.05.16"]
[Round "2"]
[White "FILIPOVICH, DAVID MICHAEL:dmfcan"]
[Black "UDOVENKO, DANIEL ALEXANDER:DanielA1926"]
[Result "1/2-1/2"]
[ICCResult "Game drawn by mutual agreement"]
[WhiteElo "2150"]
[BlackElo "1778"]
[Opening "Réti: King's Indian attack"]
[ECO "A08"]
[NIC "QP.09"]
[Time "13:18:10"]
[TimeControl "2400+10"]

1. Nf3 d5 2. g3 c5 3. Bg2 Nf6 4. O-O Nc6 5. d4 cxd4 6. Nxd4 e6 7. c4 Bc5 8.
Nxc6 bxc6 9. Qc2 Bb6 10. Nc3 O-O 11. Rd1 Bb7 12. Na4 Qe7 13. Nxb6 axb6 14.
Qb3 Ba6 15. cxd5 cxd5 16. Qxb6 Bxe2 17. Re1 Bh5 18. Bf4 Rfc8 19. Rec1 h6 20.
Rxc8+ Rxc8 21. a4 e5 22. Bd2 Ne4 23. Be3 Bg6 24. Qa7 Qd6
{Game drawn by mutual agreement}
1/2-1/2

[Event "ICC tourney 2569 (40 10)"]
[Site "Internet Chess Club"]
[Date "2021.05.16"]
[Round "2"]
[White "GAMBOA ALVARADO, OLGA LETICIA:Letigam"]
[Black "JIMENEZ GARCIA, EMMANUEL:emmanueljimenez"]
[Result "0-1"]
[ICCResult "White resigns"]
[WhiteElo "2100"]
[BlackElo "2447"]
[Opening "Queen's pawn: Lundin (Kevitz-Mikenas) defense"]
[ECO "A40"]
[NIC "QO.17"]
[Time "13:18:07"]
[TimeControl "2400+10"]

1. d4 Nc6 2. Nf3 d6 3. g3 g6 4. Bg2 Bg7 5. O-O Bg4 6. c4 Qd7 7. Nc3 h5 8. h4
Nh6 9. d5 Ne5 10. Nxe5 Bxe5 11. Bxh6 Rxh6 12. Qd2 Rh8 13. f4 Bg7 14. e4 c5
15. dxc6 bxc6 16. Rfe1 Rb8 17. b3 e5 18. Rac1 Kf8 19. fxe5 Bxe5 20. Qf2 Kg7
21. Rf1 f6 22. Nd1 a5 23. Nc3 g5 24. Qe3 gxh4 25. gxh4 Rh6 26. Rc2 Rg6 27.
Kh1 Kh7 28. Ne2 Bxe2 29. Rxe2 Rg3 30. Rf3 Rbg8 31. Bh3 Qxh3+ {White resigns}
0-1

[Event "ICC tourney 2569 (40 10)"]
[Site "Internet Chess Club"]
[Date "2021.05.16"]
[Round "2"]
[White "HEBDEN, MARK L:mhebden"]
[Black "CHONG, JOSHUA ETHAN:Joshua1"]
[Result "1-0"]
[ICCResult "Black resigns"]
[WhiteElo "2503"]
[BlackElo "1846"]
[Opening "QGD Slav: 4.e3 Bf5"]
[ECO "D12"]
[NIC "QP.08"]
[Time "13:17:20"]
[TimeControl "2400+10"]

1. d4 d5 2. Nf3 Nf6 3. c4 c6 4. e3 Bf5 5. cxd5 cxd5 6. Qb3 Qc7 7. Bd2 e6 8.
Bb5+ Nc6 9. O-O Bd6 10. Bb4 O-O 11. Bxc6 bxc6 12. Nbd2 Rab8 13. Bxd6 Qxd6
14. Qc3 Rfc8 15. Rfc1 Nd7 16. Nb3 Be4 17. Nfd2 e5 18. Nxe4 dxe4 19. Rd1 Qb4
20. Rac1 Qxc3 21. Rxc3 Kf8 22. Rc2 Ke8 23. h3 exd4 24. Rxd4 f5 25. Ra4 Rb7
26. g4 g6 27. gxf5 gxf5 28. Ra5 c5 29. Nxc5 Nxc5 30. Raxc5 Rxc5 31. Rxc5
Rxb2 32. Rxf5 Rxa2 33. Re5+ Kf7 34. Rxe4 a5 35. Kg2 a4 36. Kg3 a3 37. Ra4
Ra1 38. Kf4 a2 39. Kf5 Ke7 40. e4 Rh1 41. Rxa2 Rxh3 42. Ra7+ Kf8 43. f4 Rf3
44. Rxh7 Ra3 45. Rb7 Ra6 46. e5 Ke8 47. e6 Ra5+ 48. Kf6 Ra8 49. Rh7
{Black resigns}
1-0

[Event "ICC tourney 2569 (40 10)"]
[Site "Internet Chess Club"]
[Date "2021.05.16"]
[Round "2"]
[White "SHEEHAN, ETHAN THOMAS:Chessking2008"]
[Black "IVANOV, ALEXANDER:marble"]
[Result "0-1"]
[ICCResult "White resigns"]
[WhiteElo "2192"]
[BlackElo "2494"]
[Opening "Pterodactyl defense"]
[ECO "A10"]
[NIC "EO.64"]
[Time "13:17:00"]
[TimeControl "2400+10"]

1. c4 g6 2. d4 Bg7 3. Nf3 c5 4. e4 d6 5. Nc3 Qa5 6. Be2 Bg4 7. dxc5 dxc5 8.
O-O Nc6 9. Qb3 O-O-O 10. Be3 Nf6 11. Rfe1 Nd7 12. Rad1 Bxf3 13. Bxf3 Nd4 14.
Bxd4 cxd4 15. e5 Qb6 16. Nd5 Qxb3 17. Nxe7+ Kb8 18. axb3 Nxe5 19. Nd5 Rhe8
20. Kf1 f5 21. Nf4 g5 22. Nd3 Nxd3 23. Rxe8 Rxe8 24. Rxd3 a5 25. Bd5 Kc7 26.
Rd2 Kd6 27. Re2 Be5 28. g3 Rb8 29. Bf7 b6 30. Bd5 h5 31. h4 gxh4 32. f4 Bh8
33. gxh4 Kc5 34. Rd2 Kb4 35. Rd3 Re8 36. Bc6 Rg8 37. Bf3 Rg3 38. Kf2 Rh3 39.
Kg2 Rxh4 40. Kg3 Bf6 41. Rd1 Kxb3 42. Re1 Rg4+ 43. Bxg4 hxg4 44. Re6 Bh8 45.
Rxb6+ Kxc4 46. Rh6 Bg7 47. Rh7 Bf8 48. Rf7 Bb4 49. Rxf5 d3 50. Rh5 d2 51.
Rh1 Kd3 52. Kxg4 Kc2 53. Kf5 d1=Q 54. Rxd1 Kxd1 55. Ke4 Kc2 56. Kd5 Kxb2 57.
Kc4 Ka3 58. f5 Be7 59. Kc3 a4 60. Kc2 Bf6 61. Kb1 Kb3 {White resigns} 0-1

[Event "ICC tourney 2569 (40 10)"]
[Site "Internet Chess Club"]
[Date "2021.05.16"]
[Round "2"]
[White "DURAN VEGA, SERGIO:SD19"]
[Black "Higgins, Sean M:higg1921"]
[Result "1-0"]
[ICCResult "Black resigns"]
[WhiteElo "2464"]
[BlackElo "1417"]
[Opening "Queen's pawn game, Darooha variation "]
[ECO "D02"]
[NIC "QP.08"]
[Time "13:18:13"]
[TimeControl "2400+10"]

1. d4 d5 2. Nf3 Nf6 3. c4 e6 4. g3 c5 5. cxd5 exd5 6. Bg2 Be6 7. O-O Nc6 8.
Nc3 Be7 9. dxc5 Bxc5 10. Bg5 Be7 11. a3 a5 12. Qa4 O-O 13. Rad1 h6 14. Bxf6
Bxf6 15. Nxd5 Bxd5 16. e4 Qd6 17. Rxd5 Qe7 18. e5 Qe6 19. Rd6 {Black
resigns} 1-0

[Event "ICC tourney 2569 (40 10)"]
[Site "Internet Chess Club"]
[Date "2021.05.16"]
[Round "2"]
[White "HU, ALEXANDER C:ahu1015"]
[Black "HERNANDEZ ALVAREZ, TANIA REGLA:reynaajedrez"]
[Result "1/2-1/2"]
[ICCResult "Game drawn by mutual agreement"]
[WhiteElo "2023"]
[BlackElo "2200"]
[Opening "Pirc defense"]
[ECO "B07"]
[NIC "PU.08"]
[Time "13:17:27"]
[TimeControl "2400+10"]

1. e4 d6 2. d4 Nf6 3. Nc3 Nbd7 4. g4 h6 5. h3 e5 6. Nge2 c6 7. Bg2 g6 8. Be3
Bg7 9. f4 Qe7 10. Qd3 O-O 11. O-O-O b5 12. dxe5 dxe5 13. Qd6 Qxd6 14. Rxd6
Ne8 15. Rd2 exf4 16. Bxf4 Ne5 17. Rhd1 Nc4 18. Rd8 g5 19. b3 Bf6 20. R8d3
gxf4 21. bxc4 bxc4 22. Rf3 Ng7 23. Rd6 Ne6 24. Rxc6 Be5 25. Rxc4 Ba6 26. Rc6
Bb7 27. Rc4 Ba6 28. Rc6 Bb7 29. Rc4 {Game drawn by mutual agreement} 1/2-1/2

[Event "ICC tourney 2569 (40 10)"]
[Site "Internet Chess Club"]
[Date "2021.05.16"]
[Round "2"]
[White "REISS, AIDEN:Aidenrchess"]
[Black "RAMIREZ GONZALEZ, MARIA JOSE:Merry20"]
[Result "0-1"]
[ICCResult "White checkmated"]
[WhiteElo "1905"]
[BlackElo "2000"]
[Opening "Ruy Lopez: Cozio defense"]
[ECO "C60"]
[NIC "RL.04"]
[Time "13:17:12"]
[TimeControl "2400+10"]

1. e4 e5 2. Nf3 Nc6 3. Bb5 Nge7 4. c3 a6 5. Ba4 d6 6. O-O g6 7. d4 exd4 8.
Qxd4 Rg8 9. Qd3 b5 10. Bb3 Bg7 11. a4 b4 12. a5 h6 13. Be3 Bb7 14. Nd4 Ne5
15. Ba4+ Kf8 16. Qc2 c5 17. Nb3 c4 18. N3d2 b3 19. Qd1 Qc8 20. Na3 d5 21.
Bd4 Nd3 22. exd5 Bxd5 23. Nxb3 Nxb2 24. Nc5 Nxd1 25. Nd7+ Qxd7 26. Bxd7 Nxc3
27. Bc5 Ne2+ 28. Kh1 Bxa1 29. Re1 Rd8 30. Ba4 Be6 31. Rxa1 Nc3 32. Bc2 f5
33. Re1 Kf7 34. Nxc4 Bxc4 35. Rxe7+ Kf6 36. Re3 Rge8 37. Bd4+ Rxd4 38. Rxe8
Rd2 39. h4 Rxc2 40. h5 gxh5 41. Rh8 Kg7 42. Rb8 Ne4 43. Rb7+ Kg6 44. Rb6+
Kg5 45. Rb8 Nxf2+ 46. Kh2 Ng4+ 47. Kh3 Rc3+ 48. g3 Bf1# {White checkmated}
0-1

[Event "ICC tourney 2569 (40 10)"]
[Site "Internet Chess Club"]
[Date "2021.05.16"]
[Round "2"]
[White "TIONG, RACHAEL:rachael1120"]
[Black "WANG, ALEXANDER J:ickyquarter"]
[Result "0-1"]
[ICCResult "White resigns"]
[WhiteElo "1636"]
[BlackElo "2050"]
[Opening "Sicilian: dragon, Yugoslav attack, 10.O-O-O"]
[ECO "B78"]
[NIC "SI.18"]
[Time "13:17:29"]
[TimeControl "2400+10"]

1. e4 c5 2. Nf3 d6 3. d4 cxd4 4. Nxd4 Nf6 5. Nc3 g6 6. Bc4 Bg7 7. f3 O-O 8.
Be3 Nc6 9. Qd2 Bd7 10. O-O-O Rc8 11. Bb3 Ne5 12. Kb1 a6 13. h4 h5 14. g4
hxg4 15. h5 Nxh5 16. Bh6 Kh7 17. Bxg7 Kxg7 18. Rxh5 gxh5 19. Qg5+ Ng6 20.
Nf5+ Bxf5 21. exf5 e6 22. Qxh5 Qh4 23. Qxh4 Nxh4 24. fxe6 fxe6 25. Bxe6 Rce8
26. Bxg4 Nxf3 27. Bxf3 Rxf3 28. a3 Rf6 29. Rd4 Rd8 30. Nd5 Rg6 31. Nf4 Rh6
32. Re4 Kf7 33. Nd5 Rd7 34. Ka2 Rh5 35. c4 Re5 36. Rf4+ Kg7 37. Kb3 Rf7 38.
Rg4+ Kf8 39. Rg6 Rd7 40. Kc3 Kf7 41. Rf6+ Kg7 42. Rf4 Kg6 43. Kb4 b5 44. b3
Kg7 45. a4 Rb7 46. a5 bxc4+ 47. Kxc4 Rb5 48. Rg4+ Kh8 49. Rh4+ Kg7 50. Rg4+
Kh6 51. Nc3 Rec5+ 52. Kd3 Rxb3 53. Rc4 Rxa5 54. Kc2 Rb6 55. Rd4 Rc5 56. Kd2
Rb2+ 57. Kd3 Rb3 58. Rc4 Rxc4 59. Kxc4 Rxc3+ 60. Kxc3 Kg6 61. Kd4 Kf6 62.
Kd5 Ke7 63. Kc6 Ke6 64. Kb6 d5 65. Kxa6 d4 66. Kb5 d3 {White resigns} 0-1

[Event "ICC tourney 2569 (40 10)"]
[Site "Internet Chess Club"]
[Date "2021.05.16"]
[Round "2"]
[White "TRANDAFIR, STEFAN:trandaferrari"]
[Black "ZENG, ELBERT:investigator"]
[Result "1/2-1/2"]
[ICCResult "Game drawn by mutual agreement"]
[WhiteElo "1958"]
[BlackElo "2123"]
[Opening "Pirc: classical, h3 system"]
[ECO "B07"]
[NIC "PU.07"]
[Time "13:17:28"]
[TimeControl "2400+10"]

1. e4 d6 2. d4 Nf6 3. Nc3 g6 4. h3 Bg7 5. Nf3 O-O 6. Be3 a6 7. a4 Nc6 8. Be2
e5 9. O-O Re8 10. dxe5 dxe5 11. Qxd8 Rxd8 12. Bc4 h6 13. g4 h5 14. Ng5 Rf8
15. Bc5 Bh6 16. Bxf8 Bxg5 17. Bc5 hxg4 18. hxg4 Bxg4 19. f3 Bh3 20. Rfd1 b6
21. Bf2 Nd4 22. Bxd4 exd4 23. Ne2 c5 24. c3 dxc3 25. bxc3 Kg7 26. e5 Nh5 27.
Rab1 Nf4 28. Rxb6 Nxe2+ 29. Bxe2 Be3+ 30. Kh2 Rh8 31. Kg3 Bf5 32. Bf1 Rh1
33. Rxa6 g5 34. Kg2 Rg1+ 35. Kh2 g4 36. fxg4 Rxg4 37. Bg2 Bf4+ 38. Kh1 Rh4+
39. Kg1 Be3+ 40. Kf1 Bc2 41. Rdd6 Bxa4 42. Ke2 Bg5 43. Rab6 Bc2 44. e6 Rh2
45. Kf3 Rh4 46. exf7 Rf4+ 47. Kg3 Rxf7 48. Bd5 Bf4+ 49. Kg2 Bxd6 50. Bxf7
Be5 51. Bd5 Bxc3 52. Kf3 Be5 53. Re6 Bf6 54. Rc6
{Game drawn by mutual agreement}
1/2-1/2

[Event "ICC tourney 2569 (40 10)"]
[Site "Internet Chess Club"]
[Date "2021.05.16"]
[Round "2"]
[White "Volkov, Sergey:Volkov"]
[Black "SLADE, THEODORE LUKE:MrNormalName"]
[Result "1-0"]
[ICCResult "Black checkmated"]
[WhiteElo "2607"]
[BlackElo "2170"]
[Opening "Nimzo-Indian: Kmoch variation"]
[ECO "E20"]
[NIC "NI.30"]
[Time "13:18:13"]
[TimeControl "2400+10"]

1. d4 Nf6 2. c4 e6 3. Nc3 Bb4 4. f3 O-O 5. a3 Bxc3+ 6. bxc3 Nh5 7. Nh3 f5 8.
e4 fxe4 9. Be2 exf3 10. Bxf3 Nf6 11. O-O Nc6 12. Bg5 b6 13. d5 exd5 14.
Bxd5+ Kh8 15. Nf4 Qe7 16. Kh1 Qc5 17. Nd3 Qd6 18. Bf4 Qe7 19. Bxc7 Re8 20.
Bg3 Ba6 21. Bh4 Rf8 22. Qa4 Bb7 23. Rae1 Qd8 24. Nf4 Qc7 25. Bg3 Qd8 26. h3
Rc8 27. Bf3 Na5 28. Bxb7 Nxb7 29. Qxa7 Na5 30. Nd5 Nxd5 31. Rxf8+ Qxf8 32.
cxd5 d6 33. Qxb6 Nc4 34. Qb4 h6 35. a4 Qf5 36. Bxd6 Qxd5 37. Bg3 Qd2 38. a5
Ne3 39. Qb7 Rf8 40. Qe4 Rf1+ 41. Rxf1 Nxf1 42. Be1 Qd1 43. Kg1 Ng3 44. Qe8+
Kh7 45. a6 Qa1 46. Qe3 Nf5 47. Qe4 g6 48. Qe2 h5 49. Kh2 h4 50. Bxh4 Nxh4
51. Qe7+ Kg8 52. a7 Nf3+ 53. gxf3 Qb2+ 54. Kg3 Qxc3 55. a8=Q+ Qc8 56. Qxc8#
{Black checkmated}
1-0

[Event "ICC tourney 2569 (40 10)"]
[Site "Internet Chess Club"]
[Date "2021.05.16"]
[Round "2"]
[White "PARK, EVAN:espark"]
[Black "KATSMAN, DAVID:davika21"]
[Result "1/2-1/2"]
[ICCResult "Game drawn by repetition"]
[WhiteElo "2322"]
[BlackElo "1888"]
[Opening "Ruy Lopez: closed, Chigorin, 12...c5d4"]
[ECO "C99"]
[NIC "RL.24"]
[Time "13:17:59"]
[TimeControl "2400+10"]

1. e4 e5 2. Nf3 Nc6 3. Bb5 a6 4. Ba4 Nf6 5. O-O d6 6. Re1 b5 7. Bb3 Be7 8.
c3 O-O 9. h3 Na5 10. Bc2 c5 11. d4 Qc7 12. Nbd2 cxd4 13. cxd4 Nc6 14. d5 Nb4
15. Bb1 a5 16. Nf1 Bd7 17. Be3 Rfc8 18. Qd2 Na6 19. g4 Ne8 20. Ng3 g6 21.
Nh2 Ng7 22. Kg2 Bh4 23. g5 f6 24. Ng4 Bxg4 25. hxg4 Bxg5 26. Bxg5 fxg5 27.
Qxg5 Rf8 28. Rh1 Qf7 29. Qe3 Nc5 30. Bc2 Qf4 31. Qxf4 exf4 32. Nf1 Nd7 33.
Nd2 Ne5 34. f3 Rac8 35. Bd1 g5 36. Nb3 Nc4 37. Nd4 Rc5 38. Be2 Ne3+ 39. Kf2
Nc2 40. Nxc2 Rxc2 41. Rh6 Rfc8 42. Rxd6 Rxb2 43. Rc6 Rxc6 44. dxc6 Rc2 45.
Rd1 Rxc6 46. Rd5 Ne6 47. Rxb5 Rc2 48. Kf1 Rc1+ 49. Kf2 Rc2 50. Rb8+ Kg7 51.
Ke1 Nd4 52. Bd1 Rxa2 53. Rd8 Nc2+ 54. Bxc2 Rxc2 55. Rd5 Kf6 56. Rf5+ Kg6 57.
Rxa5 Rc3 58. Ra6+ Kg7 59. Ke2 Rc2+ 60. Kd3 Rf2 61. e5 Rxf3+ 62. Ke4 Re3+ 63.
Kf5 f3 64. Ra7+ Kh6 65. Ra6+ Kg7 66. Ra7+ Kh6 67. Ra6+ Kg7 68. Ra7+
{Game drawn by repetition}
1/2-1/2

[Event "ICC tourney 2569 (40 10)"]
[Site "Internet Chess Club"]
[Date "2021.05.16"]
[Round "2"]
[White "BAGCHI, SOUNAK:Chesssaga"]
[Black "Vittal, Sanjana:MCTS13"]
[Result "0-1"]
[ICCResult "White resigns"]
[WhiteElo "1999"]
[BlackElo "2190"]
[Opening "Scotch game"]
[ECO "C45"]
[NIC "SO.04"]
[Time "13:17:31"]
[TimeControl "2400+10"]

1. e4 e5 2. Nf3 Nc6 3. d4 exd4 4. Nxd4 Bb4+ 5. c3 Bc5 6. Nxc6 bxc6 7. Nd2 d5
8. Bd3 Ne7 9. O-O O-O 10. Qc2 Ng6 11. Nb3 Be7 12. Be3 Ne5 13. Be2 Ng4 14.
Bd4 f5 15. f3 Nh6 16. Nc5 Re8 17. Bd3 g6 18. Rae1 Bxc5 19. Bxc5 Be6 20. e5
Nf7 21. f4 Qc8 22. b4 Nd8 23. a3 Nb7 24. Ba6 Qb8 25. Bd4 Nd8 26. a4 Bc8 27.
Be2 Ne6 28. Qd2 a5 29. Rb1 Bb7 30. bxa5 Qc8 31. Qb2 Ba6 32. c4 c5 33. Bc3 d4
34. Bd2 Qd7 35. Qa3 Rab8 36. Bd3 Qc6 37. Rb3 Rb7 38. Rfb1 Reb8 39. Be2 Qe4
40. Bd3 Qc6 41. Rb5 Qd7 42. Rxb7 Rxb7 43. Rxb7 Bxb7 44. Be2 Be4 45. Qb3 d3
46. Bd1 Qc6 47. Qb5 Qa8 48. a6 Bc6 49. Qb3 Be4 50. Qb5 Bxg2 51. a7 Bb7 52.
Qd7 Bc8 53. Qd5 Qxa7 54. Qxd3 Qa8 55. Qd5 Qa6 56. a5 Bb7 57. Qd3 Qc6 58. Qd5
Qa6 59. Qd3 Nd4 60. Ba4 Ba8 61. Bb5 Qb7 62. Qg3 Ne2+ {White resigns} 0-1

[Event "ICC tourney 2569 (40 10)"]
[Site "Internet Chess Club"]
[Date "2021.05.16"]
[Round "3"]
[White "ZENG, ELBERT:investigator"]
[Black "Santiago Gonzalez, Frida:fridanavys1"]
[Result "1-0"]
[ICCResult "Black resigns"]
[WhiteElo "2123"]
[BlackElo "1900"]
[Opening "English opening"]
[ECO "A05"]
[NIC "QP.11"]
[Time "15:30:57"]
[TimeControl "2400+10"]

1. Nf3 Nf6 2. c4 g6 3. g3 Bg7 4. Bg2 O-O 5. O-O c6 6. Nc3 Na6 7. d4 d5 8. c5
Bg4 9. Ne5 Bf5 10. Qa4 Nc7 11. b4 a6 12. Qb3 Nd7 13. f4 f6 14. Nxd7 Qxd7 15.
e4 Bh3 16. Bxh3 Qxh3 17. exd5 Kh8 18. Bb2 f5 19. Rad1 Rad8 20. dxc6 Bxd4+
21. Rxd4 Rxd4 22. Ne2 e5 23. Nxd4 {Black resigns} 1-0